 Dungeon Crawl Stone Soup version 0.28.0-43-g3370ac3207 (webtiles) character file.

Game seed: 10699665435681931341

718 Peloso the Covered (level 7, -3/61 HPs)
             Began as a Minotaur Fighter on Mar 27, 2022.
             Was a Follower of Okawaru.
             Slain by a bullfrog (7 damage)
             ... on level 6 of the Dungeon.
             The game lasted 00:05:06 (4081 turns).

Peloso the Covered (Minotaur Fighter)               Turns: 4081, Time: 00:05:07

Health: -3/61      AC: 11    Str: 21    XL:     7   Next: 42%
Magic:  6/6        EV:  7    Int:  5    God:    Okawaru [*.....]
Gold:   122        SH:  5    Dex: 11    Spells: 6/6 levels left

rFire   . . .      SeeInvis .   a - +1 long sword
rCold   . . .      Faith    .   c - +0 buckler
rNeg    . . .      Spirit   .   k - +1 chain mail
rPois   .          Reflect  .   (helmet restricted)
rElec   .          Harm     .   (no cloak)
rCorr   .          Rampage  .   (no gloves)
Will    .....                   (no boots)
Stlth   ..........              (no amulet)
HPRegen 0.20/turn               (no ring)
MPRegen 0.10/turn               (no ring)

@: slowed, very slow
A: horns 2, retaliatory headbutt
a: Renounce Religion, Heroism


You were on level 6 of the Dungeon.
You worshipped Okawaru.
Okawaru was aware of your devotion.
You visited 1 branch of the dungeon, and saw 6 of its levels.

You collected 122 gold pieces.

Inventory:

Hand Weapons
 a - a +1 long sword (weapon)
 i - the +6 flail of Temperance {vamp, rF+}
   (You took it off a gnoll shaman on level 7 of the Dungeon)

   It occasionally heals its wielder for a portion of the damage dealt when it
   wounds a living foe.
   rF:        It protects you from fire.
Armour
 b - a +0 scale mail
 c - a +0 buckler (worn)
 k - a +1 chain mail (worn)
Jewellery
 r - an amulet of the acrobat
Scrolls
 h - a scroll of summoning {unknown}
 q - 3 scrolls of blinking
 s - a scroll of acquirement {unknown}
 u - 3 scrolls of identify {unknown}
 v - a scroll of fear {unknown}
Potions
 d - 2 potions of might
 e - 2 potions of degeneration {unknown}
 f - a potion of brilliance {unknown}
 g - 3 potions of curing {unknown}
 j - 2 potions of flight {unknown}
 l - a potion of lignification {unknown}
 o - 2 potions of attraction {unknown}
 t - a potion of heal wounds {unknown}


   Skills:
 + Level 5.3 Fighting
 + Level 6.4 Long Blades
 + Level 6.5 Armour
 + Level 1.0 Dodging
 + Level 0.4 Stealth
 + Level 4.9 Shields
 + Level 0.1 Invocations


You had 6 spell levels left.
You didn't know any spells.
Your spell library contained the following spells:

 Spells                   Type           Power      Damage    Failure   Level
 Corpse Rot               Necr/Air       0%         N/A       100%        2
 Poisonous Vapours        Pois/Air       0%         N/A       100%        2
 Dazzling Flash           Conj/Hex       0%         N/A       100%        3
 Iskenderun's Mystic Bla  Conj/Tloc      0%         2d3       100%        4
 Starburst                Conj/Fire      0%         6d3       100%        6
 Orb of Destruction       Conj           0%         9d5       100%        7
 Summon Guardian Golem    Hex/Summ       Unusable   N/A       N/A         3
 Spellforged Servitor     Conj/Summ      Unusable   N/A       N/A         7

Dungeon Overview and Level Annotations

Branches:
Dungeon (7/15)
 Temple: D:4-7

Altars:
Okawaru

Shops:
D:4 *   D:7 [


Innate Abilities, Weirdness & Mutations

You have a pair of horns on your head.
You reflexively headbutt those who attack you in melee.


Message History

Okawaru accepts your kill.
The bullfrog swells and bulges.
The bullfrog hits you but does no damage.
The bullfrog barely misses you.
Your Long Blades skill increases to level 6!
Your Dodging skill increases to level 1!
You barely miss the bullfrog.
The bullfrog hits you but does no damage.
The bullfrog barely misses you. The bullfrog hits you.
* * * LOW HITPOINT WARNING * * *
Unknown command.
You closely miss the bullfrog.
The bullfrog hits you but does no damage.
You block the bullfrog's attack.
Unknown command.
You slash the bullfrog! You headbutt the bullfrog.
The bullfrog is heavily wounded.
The bullfrog hits you but does no damage.
The bullfrog hits you.
* * * LOW HITPOINT WARNING * * *
The bullfrog hits you but does no damage.
Unknown command.
You completely miss the bullfrog. Your headbutt misses the bullfrog.
The bullfrog is heavily wounded.
The bullfrog hits you but does no damage.
You block the bullfrog's attack.
Unknown command.
You closely miss the bullfrog.
The bullfrog is heavily wounded.
The bullfrog hits you.
* * * LOW HITPOINT WARNING * * *
The bullfrog hits you but does no damage.
The bullfrog hits you.
* * * LOW HITPOINT WARNING * * *
You barely miss the bullfrog.
The bullfrog is heavily wounded.
The bullfrog hits you.
* * * LOW HITPOINT WARNING * * *
The bullfrog hits you!
You die...

#################
................##
###############.........#
..#........## ###.....###.##
....o.......# #.......###..# #
.....o......# #@#..........# #
'#.....####.###F#####.###..## #
#####.####.....#####.####..####
.....W......................
###.............#..##.#.^###
#..##########.##.##.#..#.. #..
........##.##....#.# #.
##########.####..#.# .
#.##.#..#.#


You could see a bullfrog.

Vanquished Creatures
  A wraith (D:6)
  A sky beast (D:7)
  A black bear (D:6)
  A water moccasin zombie (D:6)
  2 bullfrogs (D:7)
  A centaur skeleton (D:7)
  A gnoll shaman (D:7)
  An orc wizard (D:6)
  3 gnolls (D:7)
  2 adders (D:2)
  2 white imps (D:7)
  A dart slug (D:4)
  2 orcs
  4 ball pythons
  2 bats (D:2)
  10 endoplasms
  4 giant cockroaches
  6 goblins
  5 hobgoblins
  A quokka (D:1)
  3 frilled lizards
  6 kobolds
  3 rats
63 creatures vanquished.

Notes
Turn   | Place    | Note
-------+----------+-------------------------------------------
     0 | D:1      | Peloso the Minotaur Fighter began the quest for the Orb.
     0 | D:1      | Reached XP level 1. HP: 19/19 MP: 0/0
   430 | D:1      | Reached XP level 2. HP: 27/27 MP: 1/1
   904 | D:2      | Found an iron altar of Okawaru.
   955 | D:2      | Became a worshipper of Warmaster Okawaru
   984 | D:2      | Reached XP level 3. HP: 28/33 MP: 2/2
  2410 | D:3      | Reached XP level 4. HP: 37/41 MP: 3/3
  2868 | D:3      | Found a faded altar of an unknown god.
  3029 | D:4      | Found Ydesat's General Store.
  3090 | D:4      | You fall into a shaft and drop 3 floors!
  3090 | D:7      | Noticed a sky beast
  3099 | D:7      | Noticed a bullfrog
  3106 | D:7      | Noticed a bullfrog
  3110 | D:7      | Killed a bullfrog
  3116 | D:7      | Killed a bullfrog
  3117 | D:7      | Reached skill level 5 in Armour
  3117 | D:7      | Reached XP level 5. HP: 12/47 MP: 4/4
  3124 | D:7      | Killed a sky beast
  3124 | D:7      | Reached * piety under Okawaru
  3125 | D:7      | Reached skill level 5 in Long Blades
  3125 | D:7      | Reached XP level 6. HP: 16/53 MP: 5/5
  3238 | D:7      | Identified the +6 flail of Temperance {vamp, rF+}
  3288 | D:7      | Reached skill level 5 in Fighting
  3645 | D:7      | Found Qaduxke's Armour Shop.
  3858 | D:6      | Reached XP level 7. HP: 43/61 MP: 6/6
  4051 | D:6      | Noticed a wraith
  4075 | D:6      | Killed a wraith
  4076 | D:6      | Reached skill level 1 in Dodging
  4081 | D:6      | Slain by a bullfrog

Illustrated notes

Levels and vault maps discovered:
D:1:      saegor_arrival_fortress, layout_basic
D:2:      minmay_recursive_quarters, layout_rooms, basic_altar,
          grunt_ministairs_4, minmay_pentomino_q2
D:3:      layout_basic, shapermc_ecumenical_altar_hornbeckon,
          kennysheep_flooded_box
D:4:      layout_gridville, grunt_temple_overflow_diamond, serial_shops, shop,
          hangedman_decor_slide_cut, serial_bayou_pond_a
D:6:      layout_basic
D:7:      cheibrodos_iron_armory, layout_basic, serial_shops, shop,
          nicolae_shop_hallway_stairs

Skill      XL: |  1  2  3  4  5  6  7 |
---------------+----------------------+-----
Long Blades    | 3 4 5 6 |  6.4
Fighting       | 4 5 |  5.3
Armour         | 4 5 6 |  6.5
Shields        | 4 |  4.9
Dodging        | 1 |  1.0
Stealth        | |  0.4
Invocations    | |  0.1

Action                   |  1- 3 |  4- 6 |  7- 9 || total
-------------------------+-------+-------+-------++-------
Melee: Long sword        |    94 |    51 |    33 ||   178
       Headbutt          |    11 |    11 |     7 ||    29
Invok: Heroism           |       |     1 |     1 ||     2
  Use: Scroll            |       |     6 |       ||     6
       Potion            |       |     1 |       ||     1
Armor: Scale mail        |    17 |       |       ||    17
       Chain mail        |    33 |    38 |    13 ||    84
Dodge: Dodged            |    45 |    20 |     7 ||    72
Block: Buckler           |    22 |    12 |     7 ||    41
